 Dungeon Crawl Stone Soup version 0.31.0-12-g77e489cdc1 (webtiles) character file.

Game seed: 13481571785387415037

1 CreativeNameHere the Gusty (level 1, 0/10 HPs)
             Began as a Deep Elf Air Elementalist on Mar 1, 2024.
             Slain by a giant cockroach (1 damage)
             ... on level 1 of the Dungeon.
             The game lasted 00:03:19 (88 turns).

CreativeNameHere the Gusty (DEAE)                     Turns: 88, Time: 00:03:19

Health: 0/10       AC:  2    Str:  5    XL:     1   Next: 16%
Magic:  6/6        EV: 12    Int: 19    God:
Gold:   6          SH:  0    Dex: 15    Spells: 5/6 levels left

rFire   . . .        (no weapon)
rCold   . . .        (no shield)
rNeg    . . .        a - +0 robe
rPois   .            (no helmet)
rElec   .            (no cloak)
rCorr   .            (no gloves)
SInv    .            (no boots)
Will    .....        (no amulet)
Stlth   ++           (no ring)
HPRegen 0.21/turn    (no ring)
MPRegen 0.10/turn

%: no passive effects
@: no status effects
A: no striking features
a: no special abilities


You were on level 1 of the Dungeon.
You visited 1 branch of the dungeon, and saw 1 of its levels.

You collected 6 gold pieces.

Inventory:

Armour
 a - a +0 robe (worn)
Potions
 b - a potion of magic
 c - a potion of haste {unknown}


   Skills:
 + Level 2.6 Dodging
 + Level 2.4 Stealth
 + Level 3.0 Spellcasting
 + Level 1.1 Conjurations
 + Level 3.0 Air Magic


You had 5 spell levels left.
You knew the following spells:

 Your Spells              Type           Power      Damage    Failure   Level
a - Shock                 Conj/Air       40%        1d5       7%          1

Your spell library contained the following spells:

 Spells                   Type           Power      Damage    Failure   Level
 Static Discharge         Conj/Air       20%        3-4/arc   10%         2
 Swiftness                Air            14%        N/A       13%         3
 Airstrike                Air            7%         2d(1-17)  41%         4


Dungeon Overview and Level Annotations

Branches:
Dungeon (1/15)

Altars:


Message History

The bat is heavily wounded.
The bat hits you but does no damage.
The rat squeaks loudly.
The bat hits you but does no damage.
A giant cockroach comes into view.
The bat barely misses you. The bat hits you but does no damage.
You miss the bat.
The bat is heavily wounded.
The bat hits you.
You hit the bat.
You kill the bat!
You hit the giant cockroach but do no damage.
You punch the giant cockroach, but do no damage.
The giant cockroach misses you.
You barely miss the giant cockroach. The giant cockroach closely misses you.
The giant cockroach bites you.
You hit the giant cockroach but do no damage.
The rat bites you. The giant cockroach misses you.
You hit the giant cockroach but do no damage.
The rat bites you but does no damage.
The giant cockroach bites you but does no damage.
You hit the giant cockroach but do no damage.
The rat closely misses you. The giant cockroach closely misses you.
You barely miss the giant cockroach. The rat bites you.
The giant cockroach bites you but does no damage.
You hit the giant cockroach but do no damage.
The giant cockroach closely misses you. The rat closely misses you.
The giant cockroach bites you.
* * * LOW HITPOINT WARNING * * *
You hit the giant cockroach but do no damage.
The rat closely misses you. The giant cockroach closely misses you.
You hit the giant cockroach but do no damage.
The rat bites you but does no damage.
The giant cockroach bites you but does no damage.
You completely miss the giant cockroach.
The rat bites you.
* * * LOW HITPOINT WARNING * * *
The giant cockroach bites you.
You die...

#.#.....#####.######<
.#...............###
....#######.###.#
#######.#.#####.....# #
#............##.#.#.#.#
###......##...#.#.....###
#......'...............
#......####.....#.#####
#.....@#####....#>#
#.....Br..##..###.#
######....##..# #
#....##... #....##.###
#....##.# #....##. #....#
#....#


You could see a giant cockroach and a rat.

Vanquished Creatures
  A bat (D:1)
1 creature vanquished.

Notes
Turn   | Place    | Note
-------+----------+-------------------------------------------
     0 | D:1      | CreativeNameHere the Deep Elf Air Elementalist began the
                  | quest for the Orb.
     0 | D:1      | Reached XP level 1. HP: 10/10 MP: 6/6
    88 | D:1      | Slain by a giant cockroach

Illustrated notes

Levels and vault maps discovered:
D:1:      minmay_arrival_three_doors, layout_basic, serial_shops,
          nicolae_shop_hallway_stairs

Action                     || total
---------------------------++-------
  Melee: Unarmed           ||    18
         Punch             ||     1
 Armour: Robe              ||    20
  Dodge: Dodged            ||    17
